 Dungeon Crawl Stone Soup version 0.31-a0-83-gbff143cfd1 (webtiles) character file.

Game seed: 3773720827566934962

42 Esekla the Sneak (level 3, 26/26 HPs)
             Began as an Octopode Delver on May 24, 2023.
             Quit the game on level 5 of the Dungeon.
             The game lasted 00:01:43 (206 turns).

Esekla the Sneak (Octopode Delver)                   Turns: 206, Time: 00:01:44

Health: 26/26      AC:  1    Str: 11    XL:     3   Next: 54%
Magic:  4/4        EV: 13    Int: 14    God:
Gold:   0          SH:  0    Dex: 13    Spells: 3/3 levels left

rFire   . . .        a - +0 falchion
rCold   . . .        (no shield)
rNeg    . . .        (helmet restricted)
rPois   .            g - amulet of magic regeneration
rElec   .            j - ring of wizardry
rCorr   .            (no ring)
SInv    .            (no ring)
Will    .....        (no ring)
Stlth   ++++         (no ring)
HPRegen 0.24/turn    (no ring)
MPRegen 0.49/turn    (no ring)
                     (no ring)

%: wizardry (x1)
@: no status effects
A: almost no armour, amphibious, 8 rings, camouflage 1, gelatinous body 1,
(nimble swimmer 1), tentacles
a: no special abilities


You were on level 5 of the Dungeon.
You visited 1 branch of the dungeon, and saw 1 of its levels.

Inventory:

Hand Weapons
 a - a +0 falchion (weapon)
 h - a +0 dagger
Missiles
 i - 3 boomerangs (quivered)
Jewellery
 g - an amulet of magic regeneration (around mantle)
 j - a ring of wizardry (left tentacle)
Wands
 f - a wand of digging (3)
Scrolls
 b - a scroll of fog
 d - a scroll of fear
Potions
 c - a potion of curing {unknown}
 e - a potion of haste


   Skills:
 * Level 3.2 Fighting
 * Level 2.2 Long Blades
 * Level 2.2 Dodging
 + Level 7.2 Stealth
 * Level 0.8 Spellcasting


You had 3 spell levels left.
You didn't know any spells.
Your spell library was empty.

Dungeon Overview and Level Annotations

Branches:
Dungeon (5/15)
 Temple: D:4-7

Altars:
Elyvilon
Hepliaklqana
Zin
The Shining One


Innate Abilities, Weirdness & Mutations

You cannot wear most types of armour.
You are amphibious.
You can wear up to eight rings at the same time.
Your skin changes colour to match your surroundings (Stealth+).
Your rubbery body absorbs attacks. (AC +1, EV +1)
((You are camouflaged when in or above water. (Stealth+)))
You have tentacles for arms and can constrict up to eight enemies at once.


Message History

You hit the hound. You grab the hound.
The hound is lightly wounded.
You constrict the hound, but do no damage.
The hound bites you. The hound closely misses you.
You hit the hound.
The hound is lightly wounded.
You constrict the hound. The hound misses you.
You hit the hound but do no damage.
The hound is moderately wounded.
You constrict the hound. The hound closely misses you.
The hound barely misses you.
You completely miss the hound.
The hound is moderately wounded.
You constrict the hound. The hound misses you. The hound completely misses you.
You completely miss the hound.
The hound is moderately wounded.
You constrict the hound. The hound barely misses you.
The hound closely misses you.
You hit the hound.
You squeeze the hound, but do no damage.
The hound is severely wounded.
You constrict the hound. The hound bites you. x2
You slash the hound!
You kill the hound!
Your Stealth skill increases to level 7!
You have reached level 3!
Your experience leads to an increase in your attributes!
Increase (S)trength, (I)ntelligence, or (D)exterity?
You feel clever. x2
j - a ring of wizardry
j - a ring of wizardry (left tentacle)
You start resting.
Magic restored.
You start resting.
HP restored.
You open the door.
There is an open door here.
As you open the door, it creaks loudly!
There is an open door here.
Are you sure you want to abandon this character and quit the game? (Confirm with "yes".)

#.#..#'###+#..#...,,,,*,**
#.#..#.....#..#,#.#****,**
#.'..'.._..'..+,*.#****,*,
#.#..#.....#..#,*,,,<,<,,*
#.#..#'###'#..#,*******,,,
#.#..#.....#..*,* ****
#.+##'##'##'##+,* *
#.#.....#.....#,********
#.#.....#@....#,,,,,,,,*
#.###+##'##+###*******,*
*...........# *,*
*############ *,*** *,,,,
***,* **,** *,** **,**


There were no monsters in sight!

Vanquished Creatures
  A hound (D:5)
  5 orcs (D:5)
6 creatures vanquished.

Notes
Turn   | Place    | Note
-------+----------+-------------------------------------------
     0 | D:5      | Esekla the Octopode Delver began the quest for the Orb.
     0 | D:5      | Reached XP level 1. HP: 16/16 MP: 1/1
    56 | D:5      | Found a white marble altar of Elyvilon.
    57 | D:5      | Found a glowing golden altar of the Shining One.
    58 | D:5      | Found a glowing silver altar of Zin.
    94 | D:5      | Found a hazy altar of Hepliaklqana.
    94 | D:5      | Noticed a hound
   110 | D:5      | Reached XP level 2. HP: 21/21 MP: 2/2
   143 | D:5      | Reached skill level 7 in Stealth
   143 | D:5      | Reached XP level 3. HP: 13/26 MP: 2/4
   206 | D:5      | Quit the game

Illustrated notes

Levels and vault maps discovered:
D:5:      layout_loops_ring, good_gods_temple_1, mainiacjoe_overflow_24_doors,
          uniq_grinder

Skill      XL: |  1  2 |
---------------+-------+-----
Stealth        | 7 |  7.2
Fighting       | |  3.2
Long Blades    | |  2.2
Dodging        | |  2.2
Spellcasting   | |  0.8

Action                     || total
---------------------------++-------
  Melee: Falchion          ||    16
         Tentacles         ||     4
         Constrict         ||     4
    Use: Scroll            ||     1
  Dodge: Dodged            ||    15

Table legend: (Time is in decaauts)
 A = Elapsed time spent in this place.
 B = Non-inter-level travel time spent in this place.
 C = Inter-level travel time spent in this place.
 D = Time resting spent in this place.
 E = Time spent auto-exploring this place.
 F = Levels seen in this place.
 G = Mean time per level.
                   A        B        C        D        E       F      G
               +--------+--------+--------+--------+--------+-----+--------+
         Total |    208 |    208 |      0 |     61 |      0 |   1 |  208.0 |
       Dungeon |    208 |    208 |      0 |     61 |      0 |   1 |  208.0 |
               +--------+--------+--------+--------+--------+-----+--------+

Top non-repeatable levels by time:
     D:5: 208 daAuts
